 Dungeon Crawl Stone Soup version 0.22-a0-858-g985ef60 (console) character file.

342 removed the Caller (level 6, -7/45 HPs)
             Began as a Demigod Summoner on July 27, 2018.
             Mangled by an orc priest
             ... wielding a +2 mace of protection
              (13 damage)
             ... on level 2 of the Dungeon.
             The game lasted 00:08:49 (4317 turns).

removed the Caller (Demigod Summoner)               Turns: 4317, Time: 00:08:49

Health: -7/45      AC:  4    Str: 11    XL:     6   Next: 8%
Magic:  14/16      EV: 12    Int: 23    God:
Gold:   118        SH:  0    Dex: 16    Spells: 11/14 levels left

rFire    + . .     SeeInvis .   b - +2 spear (chaos)
rCold    . . .     Gourm    .   (no shield)
rNeg     . . .     Faith    .   s - +1 leather armour {rF+}
rPois    .         Spirit   .   (no helmet)
rElec    .         Reflect  .   (no cloak)
rCorr    .         Harm     .   (no gloves)
MR       .....                  (no boots)
Stlth    ++........             (no amulet)
HPRegen  0.15/turn              (no ring)
MPRegen  0.15/turn              (no ring)

@: no status effects
A: high mp 1
a: no special abilities


You were on level 2 of the Dungeon.
You were hungry.

You visited 1 branch of the dungeon, and saw 3 of its levels.
You also visited: Sewer.

You collected 118 gold pieces.

Inventory:

Hand Weapons
 a - a +0 spear
 b - a +2 spear of chaos (weapon)
 d - a +0 club
 j - a +0 short sword
 n - a +2 spear of chaos
Armour
 e - a +0 robe
 s - a +1 leather armour of fire resistance (worn)
 w - a +0 troll leather armour {Purgy}
 B - a +0 leather armour of poison resistance
Wands
 u - a wand of polymorph (10)
Scrolls
 f - 2 scrolls of teleportation {unknown}
 g - 2 scrolls of identify {unknown}
 k - a scroll of enchant weapon {unknown}
 p - a scroll of immolation {unknown}
 q - a scroll of remove curse {unknown}
 r - 3 scrolls of magic mapping {unknown}
 v - a scroll of noise {unknown}
 x - 2 scrolls of blinking {unknown}
 y - 3 scrolls of fog {unknown}
 z - a scroll of fear {unknown}
Potions
 h - a potion of resistance {unknown}
 l - 3 potions of might {unknown}
 o - 2 potions of berserk rage {unknown}
 A - 2 potions of haste {unknown}
Comestibles
 c - 13 rations


   Skills:
 + Level 0.0 Fighting
 - Level 1.7 Dodging
 - Level 1.7 Stealth
 - Level 4.6 Spellcasting
 - Level 5.0 Summonings


You had 11 spell levels left.
You knew the following spells:

 Your Spells              Type           Power        Failure   Level  Hunger
a - Summon Small Mammal   Summ           ####         1%          1    None
b - Call Imp              Summ           ####....     2%          2    None

Your spell library contained the following spells:

 Spells                   Type           Power        Failure   Level  Hunger
 Summon Ice Beast         Ice/Summ       ###.....     41%         4    ####...
 Call Canine Familiar     Summ           ####....     4%          3    ##.....
 Summon Lightning Spire   Summ/Air       ###.....     41%         4    ####...
 Summon Guardian Golem    Hex/Summ       ###.....     14%         3    ##.....


Dungeon Overview and Level Annotations

Branches:
Dungeon (3/15)


Innate Abilities, Weirdness & Mutations

You have an increased reservoir of magic. (+10% MP)


Message History

Your bat hits the orc priest but does no damage.
Your white imp closely misses the orc priest.
Unknown command.
You catch the helpless orc priest completely off-guard!
You hit the orc priest. You freeze the orc priest.
The orc priest is heavily wounded.
Your bat barely misses the orc priest.
Your bat closely misses the orc priest.
The orc priest hits you with a mace of protection.
* * * LOW HITPOINT WARNING * * *
Your white imp hits the orc priest but does no damage.
The orc priest hits your white imp with a mace of protection.
You hit the orc priest but do no damage.
The orc priest flickers and vanishes!
Deactivating autopickup; reactivate with Ctrl-A.
Your bat hits something but does no damage.
Something hits your white imp.
You miss something.
Your bat hits something but does no damage.
Your bat barely misses something.
Something hits you!
You die...

#.......#.<..# #8.....8#..#.##
#.......#.##.#. #8.....8#.##..#
### #.......#..).## ####.###
### #8.....8##.)... #......#
##.## #.....()((.#.#>
#......####.#.###).)(.(.#####..
##.......##.###@##.####### ##.
#..............5{.......# ##
##..(....##.#..b#######.#
#.....)####...## #.# #
###...######..# #.# #####
##......##..# #.# #...#
#..###.##### #.# ##..8#
#..###.######### #.###..P.#
#....#.##......## #...#⌠....


You could see a friendly white imp and a friendly bat.

Vanquished Creatures
  Purgy (Sewer)
  Jessica (D:2)
  A gnoll (D:2)
  2 adders
  An ooze (D:2)
  2 worms
  An orc (D:3)
  3 bats (D:1)
  3 giant cockroaches
  7 goblins
  3 hobgoblins
  3 jackals
  3 frilled lizards (Sewer)
  3 kobolds
  4 rats
38 creatures vanquished.

Vanquished Creatures (collateral kills)
  A fire bat (shapeshifter) (D:2)
  Ijyb (D:2)
  2 gnolls
  An adder (D:2)
  4 orcs (D:2)
  A giant cockroach (D:1)
  3 goblins
  2 hobgoblins (D:1)
  2 jackals (D:1)
  A bat (D:1)
  3 frilled lizards (Sewer)
  A kobold (D:1)
  A rat (D:1)
23 creatures vanquished.

Grand Total: 61 creatures vanquished

Notes
Turn   | Place    | Note
-------+----------+-------------------------------------------
     0 | D:1      | removed the Demigod Summoner began the quest for the Orb.
     0 | D:1      | Reached XP level 1. HP: 14/14 MP: 5/5
   406 | D:1      | Reached skill level 4 in Summonings
   422 | D:1      | Reached XP level 2. HP: 17/20 MP: 5/7
   587 | D:1      | Learned a level 2 spell: Call Imp
  1052 | D:2      | HP: 1/20 [gnoll/spear (10)]
  1829 | D:2      | Reached XP level 3. HP: 21/26 MP: 4/8
  2056 | D:2      | Found a shimmering altar of Xom.
  2271 | D:2      | Reached skill level 5 in Summonings
  2511 | D:2      | Found a faded altar of an unknown god.
  3016 | D:2      | Noticed Ijyb
  3079 | D:2      | Killed Ijyb
  3079 | D:2      | Reached XP level 4. HP: 20/33 MP: 7/10
  3395 | D:3      | Found a glowing drain.
  3419 | D:3      | Noticed Jessica
  3422 | Sewer    | Entered a sewer
  3488 | Sewer    | Noticed Purgy
  3516 | Sewer    | Killed Purgy
  3516 | Sewer    | Reached XP level 5. HP: 25/38 MP: 5/13
  3971 | D:2      | Noticed a boggart
  3971 | D:2      | an ooze changed into a boggart
  3974 | D:2      | Noticed a steam dragon
  3974 | D:2      | a boggart changed into a steam dragon
  3977 | D:2      | Noticed a tengu
  3977 | D:2      | a steam dragon changed into a tengu
  3979 | D:2      | Noticed a warg
  3979 | D:2      | a tengu changed into a warg
  3985 | D:2      | a warg changed into a scorpion
  3986 | D:2      | Noticed a warg
  3986 | D:2      | a scorpion changed into a warg
  3987 | D:2      | Noticed a soldier ant
  3987 | D:2      | a warg changed into a soldier ant
  3988 | D:2      | Noticed a fire bat
  3988 | D:2      | a soldier ant changed into a fire bat
  3989 | D:2      | Killed a fire bat
  3989 | D:2      | Reached XP level 6. HP: 15/45 MP: 11/16
  3996 | D:2      | Killed Jessica
  4317 | D:2      | Mangled by an orc priest

Vault maps used:
D:1:      minmay_arrival_up_and_down
D:2:      kennysheep_the_goblin_king, chequers_ecumenical_altar_lobes,
          minmay_misc_feat_doors, tgw_xom
D:3:      gammafunk_ghost_necromancy, first_ration,
          cheibrodos_sewer_entry_drain, uniq_jessica
Sewer:    sewer_co_purgy_island

Skill      XL: |  1  2  3  4  5 |
---------------+----------------+-----
Summonings     | 4 5 |  5.0
Spellcasting   | 2 3 4 |  4.6
Dodging        | |  1.7
Stealth        | |  1.7

Action                   |  1- 3 |  4- 6 || total
-------------------------+-------+-------++-------
Melee: Short sword       |    25 |       ||    25
       Club              |     2 |       ||     2
       Spear             |    80 |    76 ||   156
 Cast: Summon Small Mamm |    64 |    19 ||    83
       Call Imp          |       |     2 ||     2
 Stab: Sleeping          |     4 |     5 ||     9
       Petrified         |     8 |       ||     8
       Distracted        |     1 |     1 ||     2
       Petrifying        |     1 |       ||     1
  Eat: Chunk             |     8 |     3 ||    11
Armor: Robe              |    13 |       ||    13
       Leather armour    |       |    27 ||    27
Dodge: Dodged            |    51 |    57 ||   108

Table legend:
 A = Spawn XP
 B = Non-spawn XP
 C = Spawn XP percentage of total XP
 D = Spawn monster count
 E = Non-spawn monster count
 F = Spawn count percentage of total count
 G = Total turns spent on level
                    A         B        C        D         E        F      G
               +---------+---------+-------+---------+---------+-------+---------
         Total |       0 |     489 |   0.0 |       0 |      61 |   0.0 |  4317
               +---------+---------+-------+---------+---------+-------+---------
           D:1 |       0 |      30 |   0.0 |       0 |      18 |   0.0 |  1786
           D:2 |       0 |     312 |   0.0 |       0 |      27 |   0.0 |  1816
           D:3 |       0 |      18 |   0.0 |       0 |       8 |   0.0 |   358
         Sewer |       0 |     129 |   0.0 |       0 |       8 |   0.0 |   357
               +---------+---------+-------+---------+---------+-------+---------
